 Dungeon Crawl Stone Soup version 0.30-a0-1103-g25895a7845 (webtiles) character file.

Game seed: 14734038397848884860

2135892 aMcNicky the Crack Shot (level 24, 234/234 HPs)
             Began as a Minotaur Hunter on Apr 18, 2023.
             Was an Elder of Jiyva.
             Escaped with the Orb
             ... and 3 runes!
             The game lasted 02:07:19 (41594 turns).

aMcNicky the Crack Shot (Minotaur Hunter)          Turns: 41594, Time: 02:07:20

Health: 234/234    AC: 27    Str: 28    XL:     24   Next: 19%
Magic:  17/17      EV: 27    Int:  8    God:    Jiyva [****..]
Gold:   1493       SH:  0    Dex: 21    Spells: 29/29 levels left

rFire   + + +      SeeInvis .    s - +7 triple crossbow (flame)
rCold   + + .      Faith    .    (shield currently unavailable)
rNeg    + + +      Spirit   .    k - +4 fire dragon scales
rPois   .          Reflect  .    (helmet restricted)
rElec   +          Rampage  .    a - +1 cloak of Lust {rC++ MP-9}
rCorr   +          Clarity  +    p - +2 pair of gloves
Will    +++..                    n - +0 pair of boots Stlth
                                 m - amulet of the acrobat
HPRegen 1.87/turn                u - ring of Nuitia {Fly rElec rF+ Slay+3}
MPRegen 0.55/turn                Y - ring "Wuyshaf" {Contam rC+ rN+++ Will+ Str+3}

@: flying, studying 2 skills
A: horns 2, retaliatory headbutt, clarity, clever 1, deformed body,
deterioration 2, strong-willed 1, strong 2, gelatinous body 2, pseudopods 1,
inability to drink after injury 1, inability to read after injury 1
0: Orb of Zot
}: 3/15 runes: decaying, serpentine, slimy
a: Renounce Religion, Oozemancy, Slimify


You escaped.
You worshipped Jiyva.
Jiyva was greatly pleased with you.
You visited 11 branches of the dungeon, and saw 52 of its levels.
You visited 1 bazaar.
You also visited: Bailey and Ice Cave.

You collected 4535 gold pieces.
You spent 3042 gold pieces at shops.

Inventory:

Hand Weapons
 s - a +7 triple crossbow of flaming (weapon)
Missiles
 v - 3 javelins
 F - 2 curare-tipped darts
 Z - a throwing net
Armour
 a - the +1 cloak of Lust (worn) {rC++ MP-9}
   (You found it on level 2 of the Depths)

   rC:        It greatly protects you from cold.
   MP:        It affects your magic capacity (-9).
 c - +0 ice dragon scales
 k - +4 fire dragon scales (worn)
 n - a +0 pair of boots (worn)
 p - a +2 pair of gloves (worn)
 r - a +3 troll leather armour {Snorg}
 L - a +2 cloak
Jewellery
 d - the ring "Tarraff" {Ice Will+ Str+3 Dex+4}
   (You bought it in a shop in a bazaar)

   [ring of ice]

   It enhances your ice magic.
   Str:       It affects your strength (+3).
   Dex:       It affects your dexterity (+4).
   rF:        It makes you vulnerable to fire.
   rC:        It protects you from cold.
   Will:      It increases your willpower.
 f - a ring of protection from fire
 m - an amulet of the acrobat (around neck)
 o - a ring of poison resistance
 u - the ring of Nuitia (left hand) {Fly rElec rF+ Slay+3}
   (You took it off a deep elf annihilator on level 3 of the Elven Halls)

   [ring of flight]

   Slay:      It affects your accuracy & damage with ranged weapons and melee
   (+3).
   rF:        It protects you from fire.
   rElec:     It insulates you from electricity.
   Fly:       It grants you flight.
 Y - the ring "Wuyshaf" (right hand) {Contam rC+ rN+++ Will+ Str+3}
   (You acquired it on level 2 of the Orcish Mines)

   [ring of willpower]

   Str:       It affects your strength (+3).
   rC:        It protects you from cold.
   rN:        It renders you almost immune to negative energy.
   Contam:    It causes magical contamination when unequipped.
   Will:      It increases your willpower.
Wands
 b - a wand of mindburst (18)
 A - a wand of acid (15)
 D - a wand of digging (11)
 I - a wand of iceblast (33)
 P - a wand of paralysis (29)
 V - a wand of flame (69)
Scrolls
 q - 4 scrolls of butterflies
 t - 4 scrolls of vulnerability
 w - 7 scrolls of immolation
 x - 4 scrolls of torment
 y - 3 scrolls of fear
 B - 12 scrolls of blinking
 C - 7 scrolls of fog
 M - a scroll of magic mapping
 O - 2 scrolls of silence {!r}
 R - 2 scrolls of poison
 T - 15 scrolls of teleportation
Potions
 e - 5 potions of attraction
 g - 2 potions of invisibility
 h - 8 potions of heal wounds
 i - 8 potions of might
 j - 7 potions of lignification
 l - 7 potions of flight
 z - 3 potions of mutation
 E - 3 potions of magic
 G - 4 potions of cancellation
 H - 3 potions of haste
 J - 2 potions of resistance
 K - 5 potions of brilliance
 Q - 3 potions of curing
 S - 4 potions of ambrosia
 W - 2 potions of berserk rage
Miscellaneous
 U - a phial of floods
 X - a box of beasts


   Skills:
 + Level 22.8 Fighting
 + Level 26.3 Ranged Weapons
 + Level 12.7 Throwing
 + Level 22.7 Armour
 + Level 21.2 Dodging
 - Level 0.7 Stealth
 - Level 3.0 Spellcasting
 + Level 16.2 Evocations


You had 29 spell levels left.
You didn't know any spells.
Your spell library contained the following spells:

 Spells                   Type           Power      Damage    Failure   Level
 Apportation              Tloc           2%         N/A       45%         1
 Beastly Appendage        Tmut           2%         N/A       45%         1
 Kiss of Death            Conj/Necr      4%         2d5       45%         1
 Magic Dart               Conj           4%         1d3       45%         1
 Shock                    Conj/Air       4%         1d3       45%         1
 Summon Small Mammal      Summ           4%         N/A       45%         1
 Ensorcelled Hibernation  Hex/Ice        2%         N/A       61%         2
 Passwall                 Tmut/Erth      0%         N/A       61%         2
 Poisonous Vapours        Pois/Air       2%         N/A       61%         2
 Scorch                   Fire           2%         2d5       61%         2
 Static Discharge         Conj/Air       2%         2-3/arc   61%         2
 Sublimation of Blood     Necr           1%         N/A       61%         2
 Wereblood                Tmut           1%         N/A       61%         2
 Call Canine Familiar     Summ           1%         N/A       83%         3
 Confusing Touch          Hex            1%         N/A       83%         3
 Dazzling Flash           Conj/Hex       2%         N/A       83%         3
 Frozen Ramparts          Ice            2%         1d1       83%         3
 Gell's Gravitas          Tloc           1%         N/A       83%         3
 Ignite Poison            Fire/Tmut/Pois 1%         N/A       83%         3
 Inner Flame              Hex/Fire       1%         N/A       83%         3
 Mephitic Cloud           Conj/Pois/Air  1%         N/A       83%         3
 Portal Projectile        Hex/Tloc       2%         N/A       83%         3
 Spider Form              Tmut/Pois      1%         N/A       83%         3
 Swiftness                Air            1%         N/A       83%         3
 Teleport Other           Tloc           1%         N/A       83%         3
 Volatile Blastmotes      Fire/Tloc      2%         2d10      83%         3
 Airstrike                Air            0%         2d(1-17)  99%         4
 Anguish                  Hex/Necr       0%         N/A       99%         4
 Animate Armour           Summ/Erth      2%         N/A       99%         4
 Dispel Undead            Necr           1%         3d6       99%         4
 Flame Wave               Conj/Fire      1%         2d4       99%         4
 Fulminant Prism          Conj/Hex       0%         3d5       99%         4
 Ice Form                 Ice/Tmut       1%         N/A       99%         4
 Iskenderun's Mystic Bla  Conj/Tloc      1%         2d3       99%         4
 Leda's Liquefaction      Hex/Erth       0%         N/A       99%         4
 Petrify                  Tmut/Erth      1%         N/A       99%         4
 Sticky Flame             Conj/Fire      1%         2d3       99%         4
 Summon Ice Beast         Ice/Summ       1%         N/A       99%         4
 Agony                    Necr           1%         N/A       100%        5
 Alistair's Intoxication  Tmut/Pois      0%         N/A       100%        5
 Blade Hands              Tmut           0%         N/A       100%        5
 Freezing Cloud           Conj/Ice/Air   0%         6-21      100%        5
 Irradiate                Conj/Tmut      0%         3d11      100%        5
 Lee's Rapid Deconstruct  Erth           0%         3d4*      100%        5
 Silence                  Hex/Air        0%         N/A       100%        5
 Summon Forest            Summ/Tloc      0%         N/A       100%        5
 Summon Mana Viper        Hex/Summ       1%         N/A       100%        5
 Dispersal                Tloc           0%         N/A       100%        6
 Eringya's Noxious Bog    Tmut/Pois      0%         N/A       100%        6
 Iron Shot                Conj/Erth      0%         9d1       100%        6
 Starburst                Conj/Fire      0%         6d3       100%        6
 Statue Form              Tmut/Erth      0%         N/A       100%        6
 Summon Cactus Giant      Summ           0%         N/A       100%        6
 Dragon Form              Tmut           0%         N/A       100%        7
 Haunt                    Necr/Summ      0%         N/A       100%        7
 Malign Gateway           Summ/Tloc      0%         N/A       100%        7
 Summon Hydra             Summ           0%         N/A       100%        7
 Ignition                 Fire           0%         3d3       100%        8
 Maxwell's Capacitive Co  Air            0%         ∞         100%        8
 Summon Horrible Things   Summ           0%         N/A       100%        8
 Chain Lightning          Conj/Air       0%         2d1       100%        9
 Dragon's Call            Summ           0%         N/A       100%        9


Dungeon Overview and Level Annotations

Branches:
Dungeon (15/15)            Temple (1/1) D:7            Lair (5/5) D:11
  Swamp (4/4) Lair:3        Snake (4/4) Lair:3        Slime (5/5) Lair:4
    Orc (2/2) D:12            Elf (3/3) Orc:2        Vaults (4/5) D:13
  Crypt (0/3) Vaults:2     Depths (4/4) D:15            Zot (5/5) Depths:4
 Bailey (visited)           IceCv (visited)

Altars:
Ashenzari
Cheibriados
Dithmenos
Elyvilon
Fedhas
Gozag
Hepliaklqana
Kikubaaqudgha
Makhleb
Nemelex Xobeh
Okawaru
Qazlal
Ru
Sif Muna
Trog
Uskayaw
Vehumet
Wu Jian
Xom
Yredelemnul
Zin
The Shining One
Jiyva

Shops:
D:4 =   D:5 !   D:13 [   D:14 (   Orc:2 [(?*   Elf:2 ::   Snake:1 =::
Snake:2 !   Snake:3 *:   Vaults:4 *[   Depths:1 *   Depths:4 [:?[

Portals:
Hell: Lair:5 Depths:1 Depths:2 Depths:3 Depths:4
Abyss: Depths:3
Pandemonium: Depths:1 Depths:2 Depths:4
Ziggurat: Depths:4
Trove: Vaults:1 (give 17 potions of curing)

Annotations:
D:2 yiuf do
Slime:3 Dissolution
Slime:5 Royal Jelly
Elf:2 3 runed translucent doors
Zot:5 2 transporters, 1 exclusion


Innate Abilities, Weirdness & Mutations

You have a pair of horns on your head.
You reflexively headbutt those who attack you in melee.
You possess an exceptional clarity of mind.
Your mind is acute. (Int +4, Str/Dex -1)
Armour fits poorly on your strangely shaped body.
Your body often deteriorates upon taking damage.
You are strong-willed. (Will+)
Your muscles are very strong. (Str +8, Int/Dex -2)
Your pliable body absorbs attacks. (AC +2, EV +2)
Armour fits poorly on your pseudopods.
You occasionally lose the ability to drink potions when taking damage.
You occasionally lose the ability to read scrolls when taking damage.


Message History

There is an escape hatch in the ceiling here.
You hear a distant slurping noise.
A mysterious force pulls you upwards. The hatch slams shut behind you.
(D) Dungeon (T) Temple (L) Lair (S) Swamp (P) Snake Pit (M) Slime Pits (O) Orcish Mines (E) Elven Halls (V) Vaults (C) Crypt (U) Depths (H) Hell (Z) Zot
Where to? (Enter - D:1, ? - help)
There is a stone staircase leading up here.
You fly upwards.
Jiyva says: Divide and consume!
There is a stone staircase leading down here.
There is a stone staircase leading up here.
You fly upwards.
There is a stone staircase leading down here.
There is a stone staircase leading up here.
You fly upwards.
There is a stone staircase leading down here.
There is a stone staircase leading up here.
You fly upwards.
There is a stone staircase leading down here.
An ice devil comes into view.
There is a stone staircase leading up here.
You fly upwards.
There is a stone staircase leading down here.
(D) Dungeon (T) Temple (L) Lair (S) Swamp (P) Snake Pit (M) Slime Pits (O) Orcish Mines (E) Elven Halls (V) Vaults (C) Crypt (U) Depths (H) Hell (Z) Zot
Where to? (Enter - D:1, ? - help)
There is an open door here.
There is a stone staircase leading up here.
You fly upwards.
Level annotation: yiuf do
There is a stone staircase leading down here.
There is a stone staircase leading up here.
You fly upwards.
There is a stone staircase leading down here.
(D) Dungeon (T) Temple (L) Lair (S) Swamp (P) Snake Pit (M) Slime Pits (O) Orcish Mines (E) Elven Halls (V) Vaults (C) Crypt (U) Depths (H) Hell (Z) Zot
Where to? (Enter - D:1, ? - help) You're already here!
You swap places.
You swap places.
There is an open door here.
You swap places.
There is a staircase leading out of the dungeon here.
You have escaped!

#........#.# #.#.#.###.#.......
#..#.....#.# #.#.#...#.........
#..#####.#.#####.#.#.#......#####
#...J.##.#.......#.#.#..###...#
.......#.#########.#......###.#
.#.##.##.# #...######.# #.# #
.........# #.#........# #.###
#####.##########.########## #...#
#####..#≈~~~≈≈..@.....♣♣♣ ###.#
##..........~≈~~~~~.....♣♣#####.#
#..^.##.....~~.P.~~~....♣#.....#
##....##♣..J..~~~J..~≈J...#.....#
......# ♣♣......≈~P.≈~~≈..'.....#
##...### ♣♣♣♣..<.≈~~~≈≈≈~≈#....J.
#.....#######.############.....#
#####.........# #.....#
########### #.....#


You could see 3 neutral jellies (fellow slime).

Vanquished Creatures
  A dread lich (Zot:5)
  3 orbs of fire
  2 ancient liches (Zot:5)
  Sojobo (Depths:3)
  3 Killer Klowns (Zot:5)
  Xtahua (Vaults:2)
  Saint Roka (Snake:3)
  A curse toe (Zot:4)
  Nikola (Swamp:2)
  6 golden dragons
  A profane servitor (Zot:5)
  A bone dragon (Depths:4)
  2 Tzitzimimeh
  An Ice Fiend (Depths:2)
  7 tentacled monstrosities
  20 Orb Guardians
  A lich (Depths:3)
  3 titans
  2 deep elf blademasters (Elf:3)
  An Executioner (Depths:4)
  A quicksilver dragon (Vaults:2)
  3 deep elf master archers
  2 death cobs
  Gastronok (Lair:3)
  3 sphinxes
  3 tengu reavers
  2 thorn hunters
  Roxanne (D:15)
  4 storm dragons
  A revenant (Vaults:2)
  2 shadow dragons
  3 nagarajas (Snake:4)
  9 frost giants
  4 fenstrider witches (Swamp:4)
  3 draconian monks
  4 draconian knights
  6 fire giants
  11 vault wardens
  A draconian scorcher (Zot:5)
  4 draconian shifters
  10 deep elf sorcerers (Elf:3)
  A balrug (D:14)
  5 orc warlords
  A ghoul (Swamp:3)
  A curse skull (Vaults:2)
  3 draconian annihilators
  A broodmother (shapeshifter) (Elf:2)
  2 spriggan defenders
  2 draconian stormcallers
  A reaper (Swamp:4)
  4 deep elf elementalists (Elf:3)
  7 stone giants
  28 very ugly things
  3 war gargoyles (Vaults:3)
  6 ironbound thunderhulks
  19 ironbound preservers
  A vampire knight (Depths:3)
  9 eleionomae
  A green draconian (Zot:3)
  6 deep elf annihilators
  3 black draconians
  4 purple draconians
  7 deep elf demonologists
  2 bunyips
  6 red draconians (Zot:5)
  7 white draconians
  5 dire elephants
  5 yellow draconians
  Snorg (Lair:4)
  A green death (Swamp:4)
  A crystal guardian (Vaults:4)
  Josephine (D:15)
  6 deep elf death magi
  8 ettins
  8 yaktaur captains
  5 fire dragons
  5 deep elf high priests
  An entropy weaver (Vaults:1)
  4 shambling mangroves
  13 vault guards
  Fannar (Lair:3)
  2 ghost crabs
  12 ice dragons
  3 salamander tyrants
  3 rakshasas
  18 hydras
  5 boulder beetles
  4 peacekeepers
  8 centaur warriors
  22 ironbound frosthearts
  6 anacondas
  4 catoblepae
  4 spriggan air magi
  A death knight (Vaults:2)
  17 dancing weapons
  An ogre mage (Vaults:1)
  A titan zombie (Vaults:4)
  12 alligators
  6 two-headed ogres
  9 death yaks
  3 deep troll shamans
  19 naga warriors
  6 spriggan berserkers
  4 vampire magi
  5 deep troll earth magi
  4 orc high priests
  A soul eater (Swamp:4)
  8 tengu warriors
  20 naga sharpshooters
  10 sun demons
  7 shock serpents
  7 hell knights
  12 deep elf knights
  5 salamander mystics
  A sea snake (Snake:3)
  2 sixfirhies (Swamp:4)
  3 skysharks
  2 iron trolls
  Amaemon (Lair:3)
  3 death drakes
  6 goliath frogs
  58 deep trolls
  7 swamp dragons
  5 spriggan druids
  7 bog bodies
  An orange crystal statue (IceCv)
  3 naga ritualists
  13 deep elf archers
  A phantasmal warrior (Vaults:3)
  5 necromancers
  24 deep elf zephyrmancers
  8 lindwurms
  2 harpies
  18 ironbound convokers
  11 wizards
  Pikel (D:8)
  6 orc knights
  6 will-o-the-wisps
  A fire giant zombie (Vaults:1)
  5 orc sorcerers
  8 mana vipers
  5 cyclopes
  42 deep elf pyromancers
  5 manticores
  46 ugly things
  A sphinx skeleton (Vaults:4)
  A frost giant zombie (Vaults:2)
  15 elephants
  25 salamanders
  11 moths of wrath
  22 naga magi
  15 vault sentinels
  A torpor snail (shapeshifter) (Depths:1)
  28 black mambas
  5 orange demons
  8 guardian serpents
  13 cane toads
  2 smoke demons
  2 torpor snails (Lair:5)
  A hellion (Depths:3)
  10 komodo dragons
  19 rime drakes
  A kobold demonologist (D:9)
  A komodo dragon (shapeshifter) (D:13)
  2 unseen horrors
  2 human skeletons
  2 tengu conjurers
  21 yaktaurs
  4 freezing wraiths
  A red devil (Lair:5)
  8 trolls
  A wolf spider simulacrum (D:15)
  2 ice devils (Lair:5)
  6 polar bears
  A queen bee (Lair:4)
  2 bloated husks
  5 meliai
  A tarantella (Vaults:1)
  3 hellwings (Swamp:4)
  11 tyrant leeches
  11 hornets
  15 blink frogs
  5 air elementals
  14 spriggans
  A spriggan (shapeshifter) (Elf:2)
  8 wraiths
  3 shadows
  An elf simulacrum (Vaults:4)
  2 fire elementals
  8 wyverns
  4 vampires
  A human (D:14)
  6 water elementals
  8 basilisks
  57 yaks
  3 steam dragons
  7 redbacks (Depths:4)
  4 chaos spawn (Swamp:4)
  Grum (D:11)
  A neqoxec (Swamp:4)
  7 vampire mosquitoes
  6 wargs
  9 water moccasins
  12 swamp worms
  63 nagas
  An acid dragon (D:12)
  3 hell hounds (Lair:5)
  43 orc warriors
  3 swamp drakes
  4 sky beasts
  2 black bears
  A black bear (shapeshifter) (Elf:1)
  5 human zombies
  15 wolves
  11 centaurs
  8 ogres
  An ettin simulacrum (Vaults:1)
  4 boggarts (Vaults:1)
  3 lemures (D:8)
  2 kobold brigands
  6 bullfrogs
  An earth elemental (Elf:1)
  A scorpion (D:6)
  9 wights
  33 killer bees
  10 howler monkeys
  5 electric eels
  A lava snake (D:9)
  18 orc priests
  Crazy Yiuf (D:2)
  3 hounds
  A gnoll bouda (D:9)
  2 sleepcaps
  4 iguanas
  Terence (D:2)
  25 orc wizards
  A hell rat (Lair:4)
  10 gnolls
  5 adders
  2 shadow imps (D:6)
  2 white imps
  An ufetubus (D:4)
  2 dart slugs
  92 orcs
  5 ball pythons (D:1)
  3 giant cockroaches
  12 goblins
  3 hobgoblins
  4 quokkas
  4 bats (D:1)
  2 frilled lizards
  13 kobolds
  A rat (D:3)
1786 creatures vanquished.

Vanquished Creatures (collateral kills)
  2 Killer Klowns (Zot:5)
  A death cob (Zot:5)
  A draconian knight (Zot:4)
  A draconian annihilator (Zot:4)
  An ironbound thunderhulk (Vaults:1)
  A swamp dragon (Swamp:1)
  A deep troll (Vaults:1)
  A tyrant leech (Swamp:1)
9 creatures vanquished.

Vanquished Creatures (others)
  A lich (Vaults:3)
  A yaktaur captain (Vaults:3)
  7 great orbs of eyes
  A hydra (D:13)
  Erica (Lair:2)
  An ogre mage (D:13)
  A centaur warrior (Depths:2)
  A naga sharpshooter (Snake:4)
  A glowing orange brain (Vaults:1)
  A deep troll (Vaults:1)
  An ironbound convoker (Vaults:2)
  An ugly thing (D:14)
  A naga mage (Snake:3)
  An eye of devastation (Depths:3)
  Psyche (D:8)
  2 yaktaurs (Vaults:2)
  A rime drake (IceCv)
  A kobold demonologist (D:6)
  A meliai (D:14)
  A bloated husk (Swamp:3)
  A troll (Orc:2)
  A tyrant leech (Swamp:3)
  50 slime creatures
  A chaos spawn (Swamp:4)
  A steam dragon (D:11)
  A vampire mosquito (D:12)
  A warg (D:12)
  2 water moccasins
  2 orc warriors
  An ogre (Orc:2)
  A boggart (Vaults:1)
  2 centaurs
  A kobold brigand (D:8)
  A bullfrog (D:8)
  A gnoll sergeant (D:12)
  A scorpion (D:6)
  3 killer bees (Lair:4)
  A howler monkey (D:8)
  192 jellies
  2 orc priests
  Ijyb (D:5)
  6 orc wizards
  2 gnolls (D:12)
  2 adders
  A river rat (Lair:4)
  2 shadow imps (D:6)
  27 orcs
  A ball python (D:1)
  A bat (D:1)
  An endoplasm (D:4)
  A giant cockroach (D:1)
  4 goblins
  3 hobgoblins
  A quokka (D:2)
  2 kobolds
  A rat (D:1)
  A briar patch (Swamp:3)
  26 foxfires
  73 fungi
  151 plants
600 creatures vanquished.

Grand Total: 2395 creatures vanquished

Notes
Turn   | Place    | Note
-------+----------+-------------------------------------------
     0 | D:1      | aMcNicky the Minotaur Hunter began the quest for the Orb.
     0 | D:1      | Reached XP level 1. HP: 18/18 MP: 0/0
    71 | D:1      | Reached XP level 2. HP: 25/25 MP: 1/1
   108 | D:1      | Found a faded altar of an unknown god.
   112 | D:1      | Prayed at the altar of an unknown god.
   112 | D:1      | Became a worshipper of Jiyva Jaogoh the Shapeless
   112 | D:1      | Reached * piety under Jiyva
   163 | D:1      | Reached skill level 1 in Armour
   580 | D:1      | Reached XP level 3. HP: 30/30 MP: 2/2
   735 | D:2      | Identified the +2 robe of Fortification {rElec rC+}
   770 | D:2      | Noticed Terence
   775 | D:2      | Killed Terence
   776 | D:2      | Reached skill level 3 in Fighting
   776 | D:2      | Reached skill level 5 in Ranged Weapons
   817 | D:2      | Reached ** piety under Jiyva
   983 | D:2      | Found a runed translucent door.
   986 | D:2      | Noticed Crazy Yiuf
  1167 | D:2      | yiuf
  1278 | D:3      | Reached *** piety under Jiyva
  1358 | D:3      | Gained mutation: You have a small jelly attached to you
                  | that may absorb projectiles. [Jiyva's grace]
  1358 | D:3      | Gained mutation: You have a pair of large horns on your
                  | head. [Jiyva's grace]
  1358 | D:3      | Gained mutation: You have hidden genetic potential.
                  | [Jiyva's grace]
  1358 | D:3      | Gained mutation: You have great hidden genetic potential.
                  | [Jiyva's grace]
  1372 | D:3      | Identified the +9 sling of Salt {freeze, rC+}
  1531 | D:3      | Reached skill level 3 in Dodging
  1531 | D:3      | Reached XP level 4. HP: 38/38 MP: 3/3
  1795 | D:4      | Gained mutation: Your spells are a little harder to cast,
                  | but a little more powerful. [hidden potential]
  1873 | D:4      | Reached XP level 5. HP: 43/45 MP: 4/4
  1888 | D:4      | Reached **** piety under Jiyva
  1916 | D:4      | Found Ciuc's Jewellery Emporium.
  1918 | D:4      | Noticed a black bear
  1927 | D:4      | Killed a black bear
  1933 | D:4      | Gained mutation: You are partially covered in iridescent
                  | scales. (AC +2) [hidden potential]
  1933 | D:4      | Lost mutation: You have great hidden genetic potential.
                  | [hidden potential expressed]
  2163 | D:5      | Entered Level 5 of the Dungeon
  2163 | D:5      | Found Seashrux's Distillery.
  2176 | D:5      | Reached skill level 6 in Ranged Weapons
  2223 | D:5      | Reached XP level 6. HP: 50/52 MP: 5/5
  2228 | D:5      | Reached skill level 3 in Armour
  2396 | D:5      | Killed Ijyb
  2651 | D:6      | Found a transporter.
  2655 | D:6      | Noticed a kobold demonologist
  2673 | D:6      | Gained mutation: Your flesh is cold resistant. (rC+)
                  | [hidden potential]
  2680 | D:6      | Reached XP level 7. HP: 58/60 MP: 6/6
  2696 | D:6      | Reached skill level 7 in Ranged Weapons
  2711 | D:6      | Found a transporter.
  2712 | D:6      | Gained mutation: You are resistant to electric shocks.
                  | (rElec) [hidden potential]
  2712 | D:6      | Lost mutation: You have hidden genetic potential. [hidden
                  | potential expressed]
  2859 | D:6      | Lost mutation: You are partially covered in iridescent
                  | scales. (AC +2) [Jiyva's grace]
  2859 | D:6      | Lost mutation: Your spells are a little harder to cast, but
                  | a little more powerful. [Jiyva's grace]
  2859 | D:6      | Lost mutation: You have a small jelly attached to you that
                  | may absorb projectiles. [Jiyva's grace]
  2859 | D:6      | Gained mutation: You are partially covered in iridescent
                  | scales. (AC +2) [Jiyva's grace]
  2859 | D:6      | Gained mutation: You are mostly covered in iridescent
                  | scales. (AC +4) [Jiyva's grace]
  2859 | D:6      | Gained mutation: You are completely covered in iridescent
                  | scales. (AC +6) [Jiyva's grace]
  2859 | D:6      | Gained mutation: Your spells are a little harder to cast,
                  | but a little more powerful. [Jiyva's grace]
  2910 | D:6      | Killed a kobold demonologist
  3276 | D:7      | Reached XP level 8. HP: 69/69 MP: 4/7
  3704 | D:7      | Found a staircase to the Ecumenical Temple.
  3713 | Temple   | Entered the Ecumenical Temple
  4238 | D:8      | Reached skill level 8 in Ranged Weapons
  4250 | D:8      | Reached skill level 6 in Fighting
  4325 | D:8      | Noticed Pikel
  4339 | D:8      | Killed Pikel
  4340 | D:8      | Reached skill level 9 in Ranged Weapons
  4340 | D:8      | Reached skill level 6 in Armour
  4340 | D:8      | Reached skill level 6 in Dodging
  4376 | D:8      | Reached XP level 9. HP: 71/78 MP: 8/8
  4390 | D:8      | Noticed Psyche
  4393 | D:8      | Killed Psyche
  4472 | D:8      | Found a snail-covered altar of Cheibriados.
  4578 | D:8      | Reached skill level 10 in Ranged Weapons
  5049 | D:9      | Noticed a kobold demonologist
  5052 | D:9      | Noticed a sixfirhy
  5068 | D:9      | Killed a kobold demonologist
  5069 | D:9      | Reached skill level 11 in Ranged Weapons
  5069 | D:9      | Reached XP level 10. HP: 60/88 MP: 7/9
  5120 | D:9      | Found a flagged portal.
  5148 | Bailey   | Entered a bailey
  5277 | Bailey   | Reached skill level 9 in Fighting
  5340 | Bailey   | Reached skill level 12 in Ranged Weapons
  5363 | Bailey   | Noticed a two-headed ogre
  5367 | Bailey   | Killed a two-headed ogre
  5510 | D:9      | Found a glowing silver altar of Zin.
  5575 | D:9      | Reached skill level 9 in Armour
  5775 | D:10     | Entered Level 10 of the Dungeon
  5808 | D:10     | Reached XP level 11. HP: 94/97 MP: 10/10
  6097 | D:11     | Lost mutation: You are completely covered in iridescent
                  | scales. (AC +6) [Jiyva's grace]
  6097 | D:11     | Lost mutation: Your flesh is cold resistant. (rC+) [Jiyva's
                  | grace]
  6097 | D:11     | Lost mutation: Your spells are a little harder to cast, but
                  | a little more powerful. [Jiyva's grace]
  6097 | D:11     | Gained mutation: Your flesh is heat resistant. (rF+)
                  | [Jiyva's grace]
  6097 | D:11     | Gained mutation: Your flesh is very heat resistant. (rF++)
                  | [Jiyva's grace]
  6097 | D:11     | Gained mutation: Your flesh is almost immune to the effects
                  | of heat. (rF+++) [Jiyva's grace]
  6097 | D:11     | Gained mutation: Your translucent skin slightly reduces
                  | your foes' accuracy. (Stealth+) [Jiyva's grace]
  6111 | D:11     | Noticed Grum
  6121 | D:11     | Killed Grum
  6209 | D:11     | Reached skill level 9 in Dodging
  6252 | D:11     | Reached skill level 13 in Ranged Weapons
  6397 | D:11     | Found a staircase to the Lair.
  6799 | D:11     | Reached ***** piety under Jiyva
  6871 | D:11     | Noticed a centaur warrior
  6879 | D:11     | Killed a centaur warrior
  7025 | D:11     | Reached skill level 14 in Ranged Weapons
  7333 | Lair:1   | Entered Level 1 of the Lair of Beasts
  7390 | Lair:1   | Reached XP level 12. HP: 103/108 MP: 11/11
  7453 | Lair:1   | Identified the +1 chain mail of Ykeikoxu {*Slow rC+ rCorr
                  | Str+2}
  7616 | Lair:1   | Lost mutation: Your flesh is almost immune to the effects
                  | of heat. (rF+++) [Jiyva's grace]
  7616 | Lair:1   | Gained mutation: You are covered in slimy tendrils that may
                  | disarm your opponents. [Jiyva's grace]
  7616 | Lair:1   | Gained mutation: You have acidic saliva. [Jiyva's grace]
  7616 | Lair:1   | Gained mutation: You have supernaturally acute eyesight.
                  | (SInv) [Jiyva's grace]
  7616 | Lair:1   | Gained mutation: Your flesh is almost immune to the effects
                  | of heat. (rF+++) [Jiyva's grace]
  8308 | Lair:2   | Noticed Erica
  8319 | Lair:2   | Killed Erica
  8604 | Lair:2   | Reached ****** piety under Jiyva
  8872 | Lair:3   | Noticed a death yak
  8872 | Lair:3   | Noticed a death yak
  8872 | Lair:3   | Noticed a death yak
  8872 | Lair:3   | Noticed a death yak
  8872 | Lair:3   | Noticed a death yak
  8872 | Lair:3   | Noticed a death yak
  8883 | Lair:2   | Killed a death yak
  8884 | Lair:2   | Reached skill level 15 in Ranged Weapons
  8884 | Lair:2   | Killed a death yak
  8928 | Lair:2   | Killed a death yak
  8932 | Lair:2   | Killed a death yak
  8962 | Lair:2   | Killed a death yak
  8963 | Lair:2   | Reached skill level 16 in Ranged Weapons
  8963 | Lair:2   | Killed a death yak
  9092 | Lair:3   | Found a staircase to the Swamp.
  9181 | Lair:3   | Found a staircase to the Snake Pit.
  9245 | Lair:3   | Reached skill level 17 in Ranged Weapons
  9266 | Lair:3   | Reached XP level 13. HP: 116/116 MP: 12/12
  9301 | Lair:3   | Noticed Amaemon
  9316 | Lair:3   | Killed Amaemon
  9476 | Lair:3   | Lost mutation: You have supernaturally acute eyesight.
                  | (SInv) [Jiyva's grace]
  9476 | Lair:3   | Lost mutation: Your flesh is almost immune to the effects
                  | of heat. (rF+++) [Jiyva's grace]
  9476 | Lair:3   | Gained mutation: You have a small jelly attached to you
                  | that may absorb projectiles. [Jiyva's grace]
  9476 | Lair:3   | Gained mutation: You have large cloven feet. [Jiyva's
                  | grace]
  9476 | Lair:3   | Gained mutation: You have hoof-like feet. [Jiyva's grace]
  9476 | Lair:3   | Gained mutation: You have hooves in place of feet. [Jiyva's
                  | grace]
  9510 | Lair:3   | Noticed Fannar
  9724 | Lair:3   | Noticed Gastronok
  9759 | Lair:3   | Killed Gastronok
  9881 | Lair:3   | Killed Fannar
  9882 | Lair:3   | Reached skill level 18 in Ranged Weapons
 10003 | Lair:4   | Reached skill level 1 in Evocations
 10276 | Lair:4   | Reached skill level 12 in Fighting
 10361 | Lair:4   | Identified the +1 robe of Hocet {Int+2}
 10380 | Lair:4   | HP: 4/118 [basilisk (3)]
 10382 | Lair:4   | Reached skill level 3 in Evocations
 10613 | Lair:4   | Noticed Snorg
 10619 | Lair:4   | Killed Snorg
 10778 | Lair:4   | Reached skill level 12 in Armour
 11297 | Lair:4   | Found a runed translucent door.
 11298 | Lair:4   | Found a viscous altar of Jiyva.
 11300 | Lair:4   | Found a staircase to the Slime Pits.
 11409 | Lair:5   | Entered Level 5 of the Lair of Beasts
 11467 | Lair:5   | Reached XP level 14. HP: 95/127 MP: 13/13
 11653 | Lair:5   | Found a burning altar of Makhleb.
 11718 | Lair:5   | Found a gateway to Hell.
 11726 | Lair:5   | Got the Lectures on the Storm
 11842 | Lair:5   | Lost mutation: You have a pair of large horns on your head.
                  | [Jiyva's grace]
 11842 | Lair:5   | Lost mutation: You are mostly covered in iridescent scales.
                  | (AC +4) [Jiyva's grace]
 11842 | Lair:5   | Lost mutation: You have acidic saliva. [Jiyva's grace]
 11842 | Lair:5   | Gained mutation: You have acidic saliva. [Jiyva's grace]
 11842 | Lair:5   | Lost mutation: You have hooves in place of feet. [Jiyva's
                  | grace]
 11842 | Lair:5   | Lost mutation: You have hoof-like feet. [Jiyva's grace]
 11842 | Lair:5   | Lost mutation: You have large cloven feet. [Jiyva's grace]
 11842 | Lair:5   | Gained mutation: You have sharp toenails. [Jiyva's grace]
 11842 | Lair:5   | Gained mutation: You have razor-sharp toenails. [Jiyva's
                  | grace]
 11842 | Lair:5   | Gained mutation: You have claws for feet. [Jiyva's grace]
 11970 | Lair:5   | Found the +4 skin of Zhor {*Englaciate rC+++ SInv}
 12190 | Lair:5   | Reached skill level 12 in Dodging
 12969 | D:12     | Found a staircase to the Orcish Mines.
 13395 | Orc:1    | Entered Level 1 of the Orcish Mines
 13450 | Orc:2    | Entered Level 2 of the Orcish Mines
 13507 | Orc:2    | Paralysed by an orc sorcerer for 2 turns
 13521 | Orc:2    | Reached skill level 19 in Ranged Weapons
 13542 | Orc:2    | Lost mutation: You are resistant to electric shocks.
                  | (rElec) [Jiyva's grace]
 13542 | Orc:2    | Lost mutation: Your translucent skin slightly reduces your
                  | foes' accuracy. (Stealth+) [Jiyva's grace]
 13542 | Orc:2    | Gained mutation: Your flesh is cold resistant. (rC+)
                  | [Jiyva's grace]
 13542 | Orc:2    | Gained mutation: Your flesh is very cold resistant. (rC++)
                  | [Jiyva's grace]
 13542 | Orc:2    | Gained mutation: Your flesh is almost immune to the effects
                  | of cold. (rC+++) [Jiyva's grace]
 13542 | Orc:2    | Gained mutation: You are somewhat resistant to further
                  | mutation. [Jiyva's grace]
 13902 | Orc:2    | Noticed an orc warlord
 13919 | Orc:2    | Killed an orc warlord
 13957 | Orc:2    | Found a staircase to the Elven Halls.
 14051 | Orc:2    | Noticed an orc warlord
 14065 | Orc:2    | Killed an orc warlord
 14223 | Orc:2    | Found Vumipium's Magic Scroll Boutique.
 14231 | Orc:2    | Bought a scroll of teleportation for 33 gold pieces
 14231 | Orc:2    | Bought a scroll of identify for 22 gold pieces
 14231 | Orc:2    | Bought 3 scrolls of identify for 66 gold pieces
 14231 | Orc:2    | Bought a scroll of acquirement for 572 gold pieces
 14231 | Orc:2    | Bought a scroll of identify for 22 gold pieces
 14231 | Orc:2    | Bought a scroll of identify for 22 gold pieces
 14231 | Orc:2    | Acquired the ring "Wuyshaf" {Contam rC+ rN+++ Will+ Str+3}
 14290 | Orc:2    | Found Ronypres's Assorted Antiques.
 14359 | Orc:2    | Found Ytoniw's Antique Armour Emporium.
 14361 | Orc:2    | Found Nuithe Dahur's Antique Weapon Shoppe.
 14441 | Orc:1    | Noticed an orc warlord
 14521 | Orc:1    | Killed an orc warlord
 14522 | Orc:1    | Reached skill level 6 in Evocations
 14689 | Orc:1    | Reached XP level 15. HP: 137/137 MP: 14/14
 15252 | D:13     | Found Detz's Antique Armour Emporium.
 15491 | D:13     | Lost mutation: You are partially covered in iridescent
                  | scales. (AC +2) [Jiyva's grace]
 15491 | D:13     | Lost mutation: Your flesh is very heat resistant. (rF++)
                  | [Jiyva's grace]
 15491 | D:13     | Lost mutation: You are somewhat resistant to further
                  | mutation. [Jiyva's grace]
 15491 | D:13     | Lost mutation: You are covered in slimy tendrils that may
                  | disarm your opponents. [Jiyva's grace]
 15491 | D:13     | Lost mutation: You have a small jelly attached to you that
                  | may absorb projectiles. [Jiyva's grace]
 15491 | D:13     | Gained mutation: Armour fits poorly on your pseudopods.
                  | [Jiyva's grace]
 15491 | D:13     | Gained mutation: Armour fits poorly on your large
                  | pseudopods. [Jiyva's grace]
 15491 | D:13     | Gained mutation: Armour fits poorly on your massive
                  | pseudopods. [Jiyva's grace]
 15491 | D:13     | Gained mutation: Your movements are slightly less
                  | encumbered by armour. (ER -2) [Jiyva's grace]
 15716 | D:13     | Found a gate to the Vaults.
 15883 | D:13     | Noticed a frost giant
 15889 | D:13     | Killed a frost giant
 16751 | D:14     | Found Puff's Antique Weapon Shop.
 17036 | D:15     | Entered Level 15 of the Dungeon
 17215 | D:15     | Lost mutation: Your flesh is almost immune to the effects
                  | of cold. (rC+++) [Jiyva's grace]
 17215 | D:15     | Lost mutation: Your flesh is heat resistant. (rF+) [Jiyva's
                  | grace]
 17215 | D:15     | Lost mutation: You have acidic saliva. [Jiyva's grace]
 17215 | D:15     | Lost mutation: Armour fits poorly on your massive
                  | pseudopods. [Jiyva's grace]
 17215 | D:15     | Gained mutation: You have very sharp teeth. [Jiyva's grace]
 17215 | D:15     | Gained mutation: You have extremely sharp teeth. [Jiyva's
                  | grace]
 17215 | D:15     | Gained mutation: You have razor-sharp teeth. [Jiyva's
                  | grace]
 17215 | D:15     | Gained mutation: You possess an exceptional clarity of
                  | mind. [Jiyva's grace]
 17265 | D:15     | Noticed Josephine
 17275 | D:15     | Killed Josephine
 17389 | D:15     | Found a radiant altar of Vehumet.
 17422 | D:15     | Found Joufuuv's Antique Weapon Shop.
 17530 | D:15     | Found a staircase to the Depths.
 18058 | D:15     | Identified Roxanne's Incunabulum of the Body
 18058 | D:15     | Noticed Roxanne
 18079 | D:15     | Killed Roxanne
 18084 | D:15     | Acquired a +1 triple crossbow of flaming
 18274 | Snake:1  | Entered Level 1 of the Snake Pit
 18462 | Snake:1  | Reached skill level 15 in Fighting
 18462 | Snake:1  | Reached XP level 16. HP: 56/149 MP: 15/15
 18737 | Snake:1  | Found Depp's Jewellery Boutique.
 18737 | Snake:1  | Found Kaufug's Book Shoppe.
 18753 | Snake:1  | Found Emnolari's Book Shoppe.
 18935 | Snake:2  | Reached skill level 20 in Ranged Weapons
 18940 | Snake:2  | Found Huliwe Kejo's Distillery.
 18991 | Snake:2  | Found a frozen archway.
 19009 | IceCv    | Entered an ice cave
 19018 | IceCv    | Reached skill level 15 in Armour
 19606 | Snake:2  | Bought a potion of might for 80 gold pieces
 19644 | Snake:2  | Reached skill level 9 in Evocations
 20124 | Snake:3  | Found Jeshragoa's Book Emporium.
 20316 | Snake:3  | Reached XP level 17. HP: 146/158 MP: 16/16
 20374 | Snake:3  | Reached skill level 15 in Dodging
 20396 | Snake:3  | Noticed Saint Roka
 20407 | Snake:3  | Killed Saint Roka
 20469 | Snake:3  | Gained mutation: You are covered in slimy tendrils that may
                  | disarm your opponents. [Jiyva's grace]
 20469 | Snake:3  | Gained mutation: Your translucent skin slightly reduces
                  | your foes' accuracy. (Stealth+) [Jiyva's grace]
 20469 | Snake:3  | Gained mutation: Your translucent skin reduces your foes'
                  | accuracy. (Stealth+) [Jiyva's grace]
 20469 | Snake:3  | Gained mutation: Your transparent skin significantly
                  | reduces your foes' accuracy. (Stealth+) [Jiyva's grace]
 20808 | Snake:3  | Found Jouruzom's Assorted Antiques.
 21230 | Snake:4  | Entered Level 4 of the Snake Pit
 21683 | Snake:4  | Reached skill level 21 in Ranged Weapons
 22116 | Snake:4  | Got a serpentine rune of Zot
 22459 | Slime:1  | Entered Level 1 of the Pits of Slime
 22465 | Slime:1  | Noticed an acid blob
 22472 | Slime:2  | Noticed an acid blob
 22473 | Slime:3  | Noticed Dissolution
 22487 | Slime:5  | Entered Level 5 of the Pits of Slime
 22514 | Slime:4  | Noticed an acid blob
 22884 | Vaults:1 | Entered Level 1 of the Vaults
 23044 | Vaults:1 | Found a gateway to a bazaar.
 23054 | Bazaar   | Entered a bazaar
 23059 | Bazaar   | Found Ladeluyx's Assorted Antiques.
 23072 | Bazaar   | Found Ulokoos's Jewellery Shop.
 23091 | Bazaar   | Found Surexkiu's Assorted Antiques.
 23121 | Bazaar   | Found Fuocofya's Book Shop.
 23155 | Bazaar   | Bought a glittering ivory ring for 95 gold pieces
 23155 | Bazaar   | Identified the ring "Tarraff" {Ice Will+ Str+3 Dex+4} (You
                  | bought it in a shop in a bazaar)
 23157 | Bazaar   | Bought a scroll of identify for 38 gold pieces
 23157 | Bazaar   | Bought a scroll of enchant armour for 142 gold pieces
 23157 | Bazaar   | Bought a scroll labelled GUYTYR SIXOCEI for 19 gold pieces
 23157 | Bazaar   | Bought a scroll labelled WENGIM NIRRIB for 19 gold pieces
 23157 | Bazaar   | Bought a dented platinum amulet for 95 gold pieces
 23177 | Bazaar   | Bought a scroll of blinking for 195 gold pieces
 23203 | Bazaar   | Bought a ring of protection from fire for 225 gold pieces
 23344 | Vaults:1 | Reached XP level 18. HP: 145/170 MP: 17/17
 23777 | Vaults:1 | Lost mutation: You have razor-sharp teeth. [Jiyva's grace]
 23777 | Vaults:1 | Gained mutation: Armour fits poorly on your massive
                  | pseudopods. [Jiyva's grace]
 23777 | Vaults:1 | Gained mutation: You have acidic saliva. [Jiyva's grace]
 23777 | Vaults:1 | Gained mutation: Your rubbery body absorbs attacks. (AC +1,
                  | EV +1) [Jiyva's grace]
 23777 | Vaults:1 | Gained mutation: Your pliable body absorbs attacks. (AC +2,
                  | EV +2) [Jiyva's grace]
 23850 | Vaults:1 | Found a portal to a secret trove of treasure.
 24089 | Vaults:1 | Reached skill level 18 in Fighting
 24792 | Vaults:2 | Reached skill level 18 in Armour
 25195 | Vaults:2 | Noticed Xtahua
 25213 | Vaults:2 | Killed Xtahua
 25291 | Vaults:2 | Reached XP level 19. HP: 146/180 MP: 18/18
 25351 | Vaults:2 | Reached skill level 22 in Ranged Weapons
 25372 | Vaults:2 | Found a staircase to the Crypt.
 25969 | Vaults:3 | Reached skill level 12 in Evocations
 26102 | Vaults:3 | Lost mutation: You have claws for feet. [Jiyva's grace]
 26102 | Vaults:3 | Lost mutation: Your pliable body absorbs attacks. (AC +2,
                  | EV +2) [Jiyva's grace]
 26102 | Vaults:3 | Lost mutation: Your rubbery body absorbs attacks. (AC +1,
                  | EV +1) [Jiyva's grace]
 26102 | Vaults:3 | Lost mutation: Armour fits poorly on your massive
                  | pseudopods. [Jiyva's grace]
 26102 | Vaults:3 | Lost mutation: Your transparent skin significantly reduces
                  | your foes' accuracy. (Stealth+) [Jiyva's grace]
 26102 | Vaults:3 | Lost mutation: You are covered in slimy tendrils that may
                  | disarm your opponents. [Jiyva's grace]
 26102 | Vaults:3 | Gained mutation: You are covered in slimy tendrils that may
                  | disarm your opponents. [Jiyva's grace]
 26102 | Vaults:3 | Gained mutation: You expend magic power (3 MP) to
                  | strengthen your wands. [Jiyva's grace]
 26102 | Vaults:3 | Gained mutation: You are agile. (Dex +4, Str/Int -1)
                  | [Jiyva's grace]
 26102 | Vaults:3 | Gained mutation: You are very agile. (Dex +8, Str/Int -2)
                  | [Jiyva's grace]
 27136 | Vaults:4 | Found Kyfoid's Armour Shoppe.
 27399 | Vaults:4 | Found Nioh Tut's General Store.
 27415 | Vaults:4 | Bought a scroll of identify for 22 gold pieces
 27429 | Vaults:4 | Reached XP level 20. HP: 166/191 MP: 19/19
 27449 | Vaults:4 | Reached skill level 18 in Dodging
 27650 | Vaults:4 | Lost mutation: You are very agile. (Dex +8, Str/Int -2)
                  | [Jiyva's grace]
 27650 | Vaults:4 | Lost mutation: You possess an exceptional clarity of mind.
                  | [Jiyva's grace]
 27650 | Vaults:4 | Lost mutation: Your flesh is very cold resistant. (rC++)
                  | [Jiyva's grace]
 27650 | Vaults:4 | Lost mutation: Your translucent skin reduces your foes'
                  | accuracy. (Stealth+) [Jiyva's grace]
 27650 | Vaults:4 | Lost mutation: You are covered in slimy tendrils that may
                  | disarm your opponents. [Jiyva's grace]
 27650 | Vaults:4 | Lost mutation: Your movements are slightly less encumbered
                  | by armour. (ER -2) [Jiyva's grace]
 27650 | Vaults:4 | Gained mutation: You have a small jelly attached to you
                  | that may absorb projectiles. [Jiyva's grace]
 27650 | Vaults:4 | Gained mutation: Armour fits poorly on your massive
                  | pseudopods. [Jiyva's grace]
 27650 | Vaults:4 | Gained mutation: Your mind is acute. (Int +4, Str/Dex -1)
                  | [Jiyva's grace]
 27650 | Vaults:4 | Gained mutation: Your mind is very acute. (Int +8, Str/Dex
                  | -2) [Jiyva's grace]
 28322 | Swamp:1  | Entered Level 1 of the Swamp
 28821 | Swamp:2  | Noticed Nikola
 28827 | Swamp:2  | Killed Nikola
 29469 | Swamp:3  | Reached skill level 23 in Ranged Weapons
 30002 | Swamp:3  | Lost mutation: You have extremely sharp teeth. [Jiyva's
                  | grace]
 30002 | Swamp:3  | Lost mutation: You have razor-sharp toenails. [Jiyva's
                  | grace]
 30002 | Swamp:3  | Lost mutation: Your flesh is cold resistant. (rC+) [Jiyva's
                  | grace]
 30002 | Swamp:3  | Lost mutation: Armour fits poorly on your massive
                  | pseudopods. [Jiyva's grace]
 30002 | Swamp:3  | Lost mutation: Your translucent skin slightly reduces your
                  | foes' accuracy. (Stealth+) [Jiyva's grace]
 30002 | Swamp:3  | Lost mutation: You expend magic power (3 MP) to strengthen
                  | your wands. [Jiyva's grace]
 30002 | Swamp:3  | Gained mutation: Your natural rate of healing is unusually
                  | fast. [Jiyva's grace]
 30002 | Swamp:3  | Gained mutation: You heal very quickly. [Jiyva's grace]
 30002 | Swamp:3  | Gained mutation: You regenerate. [Jiyva's grace]
 30002 | Swamp:3  | Gained mutation: You have a pair of large horns on your
                  | head. [Jiyva's grace]
 30309 | Swamp:4  | Entered Level 4 of the Swamp
 30511 | Swamp:4  | Gained mutation: Your body sometimes deteriorates upon
                  | taking damage. [a neqoxec]
 30513 | Swamp:4  | Lost mutation: Your mind is very acute. (Int +8, Str/Dex
                  | -2) [a neqoxec]
 30622 | Swamp:4  | Got a decaying rune of Zot
 30858 | Swamp:4  | Reached XP level 21. HP: 202/202 MP: 20/20
 31193 | Slime:5  | Found a viscous altar of Jiyva.
 31193 | Slime:5  | Noticed the Royal Jelly
 31203 | Slime:5  | Got the Omnibus of Tropical Interference
 31206 | Slime:5  | Found the +3 robe of Clouds {*Thunder rCloud rElec}
 31213 | Slime:5  | Got a slimy rune of Zot
 31217 | Slime:5  | Identified the staff of poison "Luesugeg" {rElec rPois}
 31226 | Slime:5  | Identified the +6 mace of the Desolation of Salt {flame,
                  | Fragile Int+2 SInv}
 31585 | Elf:1    | Entered Level 1 of the Elven Halls
 31628 | Elf:1    | Paralysed by an air elemental for 1 turns
 31682 | Elf:1    | Got the Omnibus of Power
 31851 | Elf:1    | Reached skill level 1 in Throwing
 31955 | Elf:1    | Paralysed by an air elemental for 1 turns
 32410 | Elf:2    | Lost mutation: You have a pair of large horns on your head.
                  | [Jiyva's grace]
 32410 | Elf:2    | Lost mutation: Your mind is acute. (Int +4, Str/Dex -1)
                  | [Jiyva's grace]
 32410 | Elf:2    | Lost mutation: You regenerate. [Jiyva's grace]
 32410 | Elf:2    | Lost mutation: You have acidic saliva. [Jiyva's grace]
 32410 | Elf:2    | Lost mutation: Armour fits poorly on your large pseudopods.
                  | [Jiyva's grace]
 32410 | Elf:2    | Gained mutation: You have acidic saliva. [Jiyva's grace]
 32410 | Elf:2    | Gained mutation: You have a pair of large horns on your
                  | head. [Jiyva's grace]
 32410 | Elf:2    | Gained mutation: Your mind is acute. (Int +4, Str/Dex -1)
                  | [Jiyva's grace]
 32410 | Elf:2    | Gained mutation: Your mind is very acute. (Int +8, Str/Dex
                  | -2) [Jiyva's grace]
 32522 | Elf:2    | Found a runed translucent gate.
 32523 | Elf:2    | Found a runed translucent gate.
 32523 | Elf:2    | Found a runed translucent gate.
 32594 | Elf:2    | Found Vazyiheufe's Book Boutique.
 32632 | Elf:2    | Found Reymyo's Book Boutique.
 32680 | Elf:2    | Reached skill level 3 in Throwing
 32729 | Elf:2    | Paralysed by an air elemental for 1 turns
 32877 | Elf:3    | Entered Level 3 of the Elven Halls
 33291 | Elf:3    | Reached skill level 21 in Fighting
 33326 | Elf:3    | Identified the ring of Nuitia {Fly rElec rF+ Slay+3}
 33330 | Elf:3    | Identified the +5 war axe of the Enchanting Gods {freeze,
                  | +Blink rElec rPois Dex-4}
 33484 | Elf:3    | Identified the +4 scale mail of Fashionability {Fly rPois
                  | Str-2 Int+6}
 33514 | Elf:3    | Identified the +1 shortbow of Terror {antimagic, rPois rC-
                  | Stlth+}
 33528 | Elf:3    | Identified the +3 ring mail of Midsummer {rF- Str+3}
 33538 | Elf:3    | Identified the +5 whip of the Ninety-Nine Demons {heavy,
                  | Will- Int+3}
 33548 | Elf:3    | Got Demac's Directory of the Amalgamated Caves
 33554 | Elf:3    | Identified the staff of cold "Ihoguo Equn" {Fly rPois rC+
                  | Dex+3}
 34100 | Depths:1 | Entered Level 1 of the Depths
 34115 | Depths:1 | Reached skill level 21 in Armour
 34123 | D:15     | Reached skill level 24 in Ranged Weapons
 34123 | D:15     | Reached XP level 22. HP: 134/213 MP: 18/21
 34549 | Depths:1 | Reached skill level 6 in Throwing
 34634 | Depths:1 | Lost mutation: You have a pair of large horns on your head.
                  | [Jiyva's grace]
 34634 | Depths:1 | Lost mutation: You are agile. (Dex +4, Str/Int -1) [Jiyva's
                  | grace]
 34634 | Depths:1 | Lost mutation: You heal very quickly. [Jiyva's grace]
 34634 | Depths:1 | Lost mutation: You have acidic saliva. [Jiyva's grace]
 34634 | Depths:1 | Lost mutation: You have a small jelly attached to you that
                  | may absorb projectiles. [Jiyva's grace]
 34634 | Depths:1 | Gained mutation: Your rubbery body absorbs attacks. (AC +1,
                  | EV +1) [Jiyva's grace]
 34634 | Depths:1 | Gained mutation: Your pliable body absorbs attacks. (AC +2,
                  | EV +2) [Jiyva's grace]
 34634 | Depths:1 | Gained mutation: Your gelatinous body deflects attacks. (AC
                  | +3, EV +3) [Jiyva's grace]
 34634 | Depths:1 | Gained mutation: Your muscles are strong. (Str +4, Int/Dex
                  | -1) [Jiyva's grace]
 34767 | Depths:1 | Found a one-way gate leading to the halls of Pandemonium.
 34934 | Depths:1 | Found Giopt's Blood Bar.
 35579 | Depths:2 | Identified the +1 cloak of Lust {rC++ MP-9}
 36050 | Depths:2 | Found a sacrificial altar of Ru.
 36248 | Depths:3 | Reached skill level 15 in Evocations
 36255 | Depths:3 | Was placed under penance by Jiyva
 36273 | Depths:3 | Reached skill level 1 in Spellcasting
 36391 | Depths:3 | Was forgiven by Jiyva
 36438 | Depths:3 | Noticed a golden dragon
 36443 | Depths:3 | Killed a golden dragon
 36488 | Depths:3 | Noticed a golden dragon
 36494 | Depths:3 | Killed a golden dragon
 36607 | Depths:3 | Found a one-way gate to the infinite horrors of the Abyss.
 36624 | Depths:3 | Noticed Sojobo
 36661 | Depths:3 | Paralysed by an air elemental for 1 turns
 36665 | Depths:3 | Killed Sojobo
 36824 | Depths:3 | Identified the +3 trident "Wuwan" {drain, Int+3}
 36860 | Depths:3 | Found an opulent altar of Gozag.
 37024 | Depths:3 | Identified the +1 plate armour of Quost {Str+7}
 37098 | Depths:3 | Lost mutation: You have very sharp teeth. [Jiyva's grace]
 37098 | Depths:3 | Lost mutation: You have sharp toenails. [Jiyva's grace]
 37098 | Depths:3 | Lost mutation: Your natural rate of healing is unusually
                  | fast. [Jiyva's grace]
 37098 | Depths:3 | Lost mutation: Your gelatinous body deflects attacks. (AC
                  | +3, EV +3) [Jiyva's grace]
 37098 | Depths:3 | Gained mutation: You have acidic saliva. [Jiyva's grace]
 37098 | Depths:3 | Gained mutation: You possess an exceptional clarity of
                  | mind. [Jiyva's grace]
 37098 | Depths:3 | Gained mutation: Your muscles are very strong. (Str +8,
                  | Int/Dex -2) [Jiyva's grace]
 37098 | Depths:3 | Gained mutation: You are strong-willed. (Will+) [Jiyva's
                  | grace]
 37249 | Depths:4 | Entered Level 4 of the Depths
 37259 | Depths:4 | Found Taulaho's Magic Scroll Shoppe.
 37308 | Depths:4 | Found Umuhyzat's Book Shop.
 37369 | Depths:4 | Reached skill level 9 in Throwing
 37485 | Depths:4 | Found Axiok's Armour Shop.
 37601 | Depths:4 | Bought a scroll of acquirement for 1092 gold pieces
 37601 | Depths:4 | Bought a scroll of magic mapping for 157 gold pieces
 37601 | Depths:4 | Bought a scroll of teleportation for 63 gold pieces
 37601 | Depths:4 | Bought a scroll of teleportation for 63 gold pieces
 37601 | Depths:4 | Acquired 1007 gold pieces
 37754 | Depths:4 | Noticed a golden dragon
 37762 | Depths:4 | Killed a golden dragon
 37763 | Depths:4 | Reached skill level 25 in Ranged Weapons
 37794 | Depths:4 | Noticed a golden dragon
 37805 | Depths:4 | Killed a golden dragon
 37806 | Depths:4 | Reached XP level 23. HP: 159/222 MP: 16/25
 37882 | Depths:4 | Found a gate to the Realm of Zot.
 38076 | Depths:4 | Found Awooq's Armour Shop.
 38086 | Depths:4 | Found a one-way gateway to a ziggurat.
 38506 | D:2      | Killed Crazy Yiuf
 39007 | Zot:1    | Entered Level 1 of the Realm of Zot
 39104 | Zot:5    | Entered Level 5 of the Realm of Zot
 39119 | Zot:4    | Noticed a curse toe
 39130 | Zot:4    | Killed a curse toe
 39171 | Zot:4    | Noticed an orb of fire
 39235 | Zot:4    | Gained mutation: You occasionally lose the ability to read
                  | scrolls when taking damage. [an orb of fire]
 39237 | Zot:4    | Gained mutation: Your body often deteriorates upon taking
                  | damage. [an orb of fire]
 39241 | Zot:4    | Lost mutation: Your mind is very acute. (Int +8, Str/Dex
                  | -2) [an orb of fire]
 39244 | Zot:4    | Killed an orb of fire
 39246 | Zot:4    | Reached skill level 3 in Spellcasting
 39940 | Zot:5    | Found a transporter.
 40146 | Zot:5    | Found a transporter.
 40242 | Zot:5    | Noticed an orb of fire
 40257 | Zot:5    | Killed an orb of fire
 40268 | Zot:5    | Noticed a Killer Klown
 40276 | Zot:5    | Killed a Killer Klown
 40332 | Zot:5    | Noticed a Killer Klown
 40346 | Zot:5    | Killed a Killer Klown
 40697 | Zot:5    | Noticed a Killer Klown
 40721 | Zot:5    | Killed a Killer Klown
 40795 | Zot:5    | Noticed a dread lich
 40805 | Zot:5    | Noticed an orb of fire
 40811 | Zot:5    | Killed a dread lich
 40818 | Zot:5    | Noticed an ancient lich
 40820 | Zot:5    | Gained mutation: You occasionally lose the ability to drink
                  | potions when taking damage. [an orb of fire]
 40820 | Zot:5    | Gained mutation: Armour fits poorly on your strangely
                  | shaped body. [an orb of fire]
 40821 | Zot:5    | Lost mutation: You have acidic saliva. [an orb of fire]
 40824 | Zot:5    | Killed an ancient lich
 40824 | Zot:5    | Killed an orb of fire
 40825 | Zot:5    | Reached skill level 26 in Ranged Weapons
 40825 | Zot:5    | Reached skill level 12 in Throwing
 40825 | Zot:5    | Reached skill level 21 in Dodging
 40885 | Zot:5    | Noticed a Killer Klown
 40893 | Zot:5    | Killed a Killer Klown
 40897 | Zot:5    | Noticed an ancient lich
 40910 | Zot:5    | Killed an ancient lich
 40932 | Zot:5    | Noticed a Killer Klown
 40940 | Zot:5    | Killed a Killer Klown
 40948 | Zot:5    | Reached XP level 24. HP: 233/233 MP: 17/26
 41016 | Zot:5    | Got the Orb of Zot
 41335 | D:15     | Noticed Tuerphi the pandemonium lord
 41594 | D:$      | Escaped with the Orb!

Illustrated notes

#.##.........########
#.##................####
#.##.<.......######....#
##.##..######## ####.#
#..##### #.# ###.######
♣♣♣♣♣##.## .........#
### ♣♣♣.♣...#..#
.........#
#...#♣..♣.......#
.........#
#.g.+@♣♣♣♣......#
########## #...#♣♣
♣♣..#.## ### ♣♣####


Turn 1167 on D:2: yiuf

Levels and vault maps discovered:
D:1:      tarquinn_simple_flora_water_c, layout_basic,
          shapermc_ecumenical_altar_mp_ritualfount
D:2:      layout_rooms, skrybe_limestone_x, uniq_terence,
          uniq_crazy_yiuf_cottage
D:3:      layout_basic, bh_walls_and_bars
D:4:      layout_cave_pools, serial_shops, shop
D:5:      layout_cave_pools, serial_shops, shop, serial_park,
          serial_park_fountain, serial_park_square3
          [serial_park_minivault_5x5_2], serial_park_square3
          [serial_park_minivault_5x5_1], uniq_ijyb
D:6:      gammafunk_wand_slinger, layout_basic
D:7:      layout_loops_ring, lemuel_temple_firewalk_a, minmay_misc_feat_ornament
D:8:      layout_cave_pods, kennysheep_mini, minmay_alternating_orb, uniq_pikel,
          uniq_psyche
D:9:      layout_big_octagon, mainiacjoe_overflow_chevrons, enter_bailey_3
D:10:     layout_rooms
D:11:     layout_grid_maze, minmay_lair_entry_grove, hangedman_misty_isle,
          uniq_grum
D:12:     layout_irregular_city, erik_orc_4
D:13:     minmay_two_paths, layout_basic, david_vaults_4, serial_shops, shop,
          nicolae_two_hexagons
D:14:     layout_stronghold, serial_shops, shop, minmay_staircase_bubble,
          grunt_livestock, hive_lemuel
D:15:     hangedman_depths_entry_civil_slaughter, layout_grid_maze,
          serial_shops, shop, gauntlet_entry_generic,
          nicolae_vehumet_altar_sigil, uniq_josephine, uniq_roxanne
Temple:   nicolae_temple_bog_church
Lair:1:   layout_roguey
Lair:2:   layout_small_grid, chequers_serial_rivers_micro_d,
          infiniplex_staircase_pool_2, uniq_erica
Lair:3:   layout_chaotic_city, swamp_mist_pool, dummy_snake_entry,
          chequers_serial_rivers_micro_b, grunt_megastairs_4,
          infiniplex_staircase_pool, uniq_fannar, uniq_gastronok, uniq_amaemon
Lair:4:   regret_index_tunnel_blossom, layout_layer_cave, slime_entry_2,
          uniq_snorg
Lair:5:   evil_forest, layout_loops_ring, minivault_19,
          hellmonk_guarded_unrand_zhor
Swamp:1:  layout_falls_marsh, evilmike_swamp_ruin_house_3
Swamp:2:  layout_falls_marsh, hangedman_swamp_pad, uniq_nikola
Swamp:3:  nzn_winding_woodlands_medium [nzn_winding_woodlands_5x5_closed_star,
          nzn_winding_woodlands_5x15_sidewinder,
          nzn_winding_woodlands_5x5_perimeter, nzn_winding_woodlands_5x5_three,
          nzn_winding_woodlands_center_lodge, nzn_winding_woodlands_5x5_default,
          nzn_winding_woodlands_hourglass, nzn_winding_woodlands_5x15_pockets,
          nzn_winding_woodlands_5x5_cross], layout_falls_marsh,
          evilmike_swamp_ruin_wall
Swamp:4:  nzn_swamp_witches_coven, layout_basic_swamp
Snake:1:  layout_misc_corridors, minmay_shop_grove
Snake:2:  layout_basic, portal_ice_cave_entry_frozen_things, serial_shops,
          nicolae_shop_real_fake_doors, st_stairs_9, serial_bayou_shore_b,
          serial_bayou_shore_b
Snake:3:  nicolae_snake_unarmed_stairs_patrol, layout_onion_interference,
          serial_shops, nicolae_shop_tiny_real_fake_doors,
          nicolae_shop_statue_plus, nicolae_snake_gridmaze_big_u,
          grunt_megastairs_5, uniq_saint_roka
Snake:4:  snake_pit, layout_cave_town
Slime:1:  layout_caves
Slime:2:  layout_caves
Slime:3:  layout_caves, special_room [special_room_jelly], uniq_dissolution
Slime:4:  layout_caves
Slime:5
Orc:1:    layout_diamond_mine
Orc:2:    grunt_orc_community_town_hall, layout_caves,
          grunt_orc_community_big_house_1, grunt_orc_community_big_house_2,
          grunt_orc_community_house_1, grunt_orc_community_house_2,
          grunt_orc_community_house_1, grunt_orc_community_house_1,
          grunt_orc_community_house_3, grunt_orc_community_house_2,
          david_defended_altar_orc
Elf:1:    elf_arrival_002, layout_gridlike, minmay_elf_sorcery
Elf:2:    nicolae_elf_blades_crystal_corner, layout_loops_ring, serial_shops,
          shop, nicolae_book_shop_shelving
Elf:3:    minmay_elf_hall_curves, layout_geoelf_castle
Vaults:1: nicolae_vaults_network_periphery, nicolae_vaults_branching_niches,
          vaults_room_door_ring, hangedman_vaults_snaps, v_misc_17,
          vaults_mumra_hex, vaults_room_semicircle, layout_vaults_omnigrid,
          serial_shops, bzr_entry_dummy, nicolae_trove_entry_crossroad
Vaults:2: vaults_dpeg_ring, v_rooms_3, vaults_room_grid, ontoclasm_vaults_shout,
          ontoclasm_vaults_shuriken, vaults_dpeg_encased_lava,
          ontoclasm_vaults_loading_screen, vaults_room_stairs_pillars,
          vaults_mumra_minichess, hangedman_vaults_maws,
          nicolae_vaults_mini_display_case, nicolae_vaults_rhombus_5,
          nicolae_vaults_rhombus_7, minmay_crypt_entry_simple_box,
          vaults_dpeg_cross, layout_vaults_omnicross, uniq_xtahua
Vaults:3: vaults_room_corners, v_alt_pattern_1, vaults_room_guarded_vault,
          hangedman_vaults_unwind, v_misc_4, v_rooms_2, dpeg_vaults_monster_row,
          grunt_vaults_bifocal, v_misc_3, v_alt_pattern_4, vaults_dpeg_spiral,
          grunt_vaults_hallway_long, nicolae_vaults_little_squares_1,
          ontoclasm_vaults_gateway, layout_vaults_maze_bifur
Vaults:4: ontoclasm_vaults_claustrophobia, vaults_mumra_minichess_inversion,
          nicolae_vaults_diagonal_hallway_7, hangedman_vaults_stream,
          nicolae_vaults_circle_grid_a, hangedman_vaults_corner_blocks,
          vaults_dpeg_hooks, vaults_standard_mumra_x, vaults_room_ringed_pool,
          grunt_vaults_diagonal, nicolae_vaults_angled_halls,
          layout_vaults_ring, serial_shops, shop, shop
Depths:1: grunt_twist_and_shout, layout_basic, corexii_corridor_pit, pan_entry,
          pf_hell_entry_tar_spiral, guppyfry_shop_blood
Depths:2: dreamdust_merry_men, layout_gridlike, nicolae_eternal_life,
          hell_entry, grunt_pan_entry_in_and_out, nicolae_ru_path_of_blood
Depths:3: kennysheep_scales, layout_gridlike, nicolae_gozag_seed_capital,
          hangedman_abyss_entry_splay, nicolae_hell_entry_hellmouth_sunbeams,
          minmay_checkered_concentric_circles, uniq_sojobo
Depths:4: evilmike_zot_entry_hall, layout_gridville, enter_ziggurat_d,
          serial_glass, glass_columns_b, glass_columns_b, glass_columns_c,
          glass_columns_c, glass_columns_b, glass_columns_a, glass_columns_a,
          glass_columns_b, hell_entry, pan_entry, serial_shops,
          nicolae_shop_back_alley_shop, shop, nicolae_shop_statue_plus,
          nicolae_shop_tiny_glass, hellmonk_bongcloud_opening, drop_trap
Zot:1:    gammafunk_sealed_arena, layout_onion, grunt_megastairs_2, uniq_parghit
Zot:2:    layout_gridlike, uniq_grunn, uniq_tiamat
Zot:3:    layout_basic
Zot:4:    layout_cathedral_of_symmetry, zot_minivault_4
Zot:5:    layout_misc_corridors, nicolae_diode_stairs

Skill      XL: |  1  2  3  4  5  6  7  8  9 10 11 12 13 14 15 16 17 18 19 20 21 22 23 |
---------------+----------------------------------------------------------------------+-----
Armour         | 1 2 3 4 6 7 9 10 11 12 13 14 15 17 18 19 20 21 22 | 22.7
Fighting       | 3 4 5 6 8 9 10 11 12 13 15 16 17 18 19 20 21 22 | 22.8
Ranged Weapons | 5 6 7 9 11 12 14 17 18 19 20 21 22 23 24 25 26 | 26.3
Dodging        | 3 4 5 6 7 8 10 11 12 13 14 15 16 17 18 19 20 21 | 21.2
Evocations     | 3 6 7 9 10 11 12 13 14 15 16 | 16.2
Throwing       | 5 9 12 | 12.7
Spellcasting   | 2 3 |  3.0
Stealth        | |  0.7

Action                     |  1- 3 |  4- 6 |  7- 9 | 10-12 | 13-15 | 16-18 | 19-21 | 22-24 || total
---------------------------+-------+-------+-------+-------+-------+-------+-------+-------++-------
  Melee: Triple crossbow   |       |       |       |       |       |       |     2 |       ||     2
         Kick              |       |       |       |       |       |       |     2 |       ||     2
         Headbutt          |       |       |       |       |       |       |     2 |       ||     2
         Pseudopods        |       |       |       |       |       |       |     1 |       ||     1
   Fire: Shortbow          |    75 |   104 |    41 |       |       |       |       |       ||   220
         Sling             |       |       |   139 |   363 |    21 |       |       |       ||   523
         Arbalest          |       |       |       |   105 |  1317 |       |       |       ||  1422
         Triple crossbow   |       |       |       |       |    60 |  1090 |  1286 |  1023 ||  3459
 Invoke: Oozemancy         |       |     2 |     6 |     9 |     8 |    11 |     9 |    10 ||    55
         Slimify           |       |       |       |       |       |       |       |     1 ||     1
  Evoke: Wand              |       |       |       |       |     4 |     2 |       |     1 ||     7
         Box of beasts     |       |       |       |       |       |       |     1 |     2 ||     3
         Phial of floods   |       |       |       |       |       |       |     1 |     1 ||     2
    Use: Scroll            |       |     6 |     1 |     1 |     6 |    14 |     8 |    10 ||    46
         Potion            |       |       |       |       |     2 |       |     1 |     6 ||     9
 Armour: Leather armour    |     3 |       |       |       |       |       |       |       ||     3
         Scale mail        |     3 |    30 |    17 |       |       |       |       |       ||    50
         Chain mail        |       |       |     4 |       |       |       |       |       ||     4
         Plate armour      |       |       |    48 |   232 |   136 |       |       |       ||   416
         Troll leather arm |       |       |       |       |   145 |   137 |   114 |    39 ||   435
         Fire dragon scale |       |       |       |       |       |       |       |   254 ||   254
  Dodge: Dodged            |    14 |    32 |    62 |   193 |   723 |   858 |   729 |   693 ||  3304
  Block: Other             |     2 |    18 |    29 |   103 |   221 |   149 |    79 |       ||   601
         Reflection        |       |       |     3 |     3 |    15 |    17 |     2 |       ||    40

Table legend: (Time is in decaauts)
 A = Elapsed time spent in this place.
 B = Non-inter-level travel time spent in this place.
 C = Inter-level travel time spent in this place.
 D = Time resting spent in this place.
 E = Time spent auto-exploring this place.
 F = Levels seen in this place.
 G = Mean time per level.
                   A        B        C        D        E       F      G
               +--------+--------+--------+--------+--------+-----+--------+
         Total |  43002 |  39170 |   3832 |   1370 |  26504 |  55 |  781.9 |
       Dungeon |  12199 |  10512 |   1687 |     96 |   7828 |  15 |  813.3 |
        Temple |    193 |    183 |     10 |      0 |    169 |   1 |  193.0 |
          Lair |   6121 |   5485 |    636 |    235 |   3883 |   5 | 1224.2 |
         Swamp |   3031 |   2881 |    150 |     32 |   2080 |   4 |  757.8 |
     Snake Pit |   3832 |   3540 |    292 |     56 |   2345 |   4 |  958.0 |
    Slime Pits |    495 |    347 |    148 |      0 |    252 |   5 |   99.0 |
  Orcish Mines |   1776 |   1576 |    200 |     13 |   1054 |   2 |  888.0 |
   Elven Halls |   2469 |   2389 |     80 |      0 |   1747 |   3 |  823.0 |
        Vaults |   5292 |   5128 |    164 |    200 |   3576 |   4 | 1323.0 |
        Depths |   4438 |   4011 |    427 |      0 |   3043 |   4 | 1109.5 |
           Zot |   2185 |   2151 |     34 |    682 |    166 |   5 |  437.0 |
        Bazaar |    165 |    165 |      0 |      0 |     76 |   1 |  165.0 |
        Bailey |    302 |    302 |      0 |     56 |     50 |   1 |  302.0 |
      Ice Cave |    500 |    500 |      0 |      0 |    231 |   1 |  500.0 |
               +--------+--------+--------+--------+--------+-----+--------+

Top non-repeatable levels by time:
  Lair:4: 1755 daAuts
    D:11: 1547 daAuts
Vaults:1: 1547 daAuts
Vaults:2: 1487 daAuts
   Zot:5: 1391 daAuts
  Lair:5: 1298 daAuts
 Snake:3: 1258 daAuts
    D:15: 1228 daAuts
  Lair:2: 1195 daAuts
Depths:2: 1189 daAuts
   Orc:2: 1182 daAuts
  Lair:3: 1160 daAuts
 Swamp:3: 1145 daAuts
Vaults:3: 1142 daAuts
    D:13: 1118 daAuts
